 Dungeon Crawl Stone Soup version 0.24-a0-170-gd8427f5 (webtiles) character file.

Game seed: 961255388586787119

737 Azzok the Insei (level 7, -4/43 HPs)
             Began as an Octopode Transmuter on Mar 10, 2019.
             Slain by a bullfrog (9 damage)
             ... in a sewer.
             The game lasted 00:08:55 (6252 turns).

Azzok the Insei (Octopode Transmuter)               Turns: 6252, Time: 00:08:56

Health: -4/43      AC:  1    Str:  9    XL:     7   Next: 75%
Magic:  0/13       EV: 13    Int: 17    God:
Gold:   211        SH:  0    Dex: 13    Spells: 4/14 levels left

rFire    . . .     SeeInvis .   d - +0 dagger (speed)
rCold    . . .     Gourm    .   (no shield)
rNeg     . . .     Faith    .   (helmet restricted)
rPois    .         Spirit   +   l - amulet of guardian spirit
rElec    .         Reflect  .   (no ring)
rCorr    .         Harm     .   (no ring)
MR       .....                  (no ring)
Stlth    ++........             (no ring)
HPRegen  0.14/turn              (no ring)
MPRegen  0.13/turn              (no ring)
                                (no ring)
                                (no ring)

@: no status effects
A: almost no armour, stealthy swim, amphibious, 8 rings, constrict 8, camouflage
1, gelatinous body 1
a: no special abilities


You were in a sewer.
You were not hungry.

You visited 1 branch of the dungeon, and saw 5 of its levels.
You also visited: Sewer.

You collected 211 gold pieces.

Inventory:

Hand Weapons
 d - a +0 dagger of speed (weapon)
Missiles
 a - 133 arrows
Jewellery
 l - an amulet of guardian spirit (around mantle)
Scrolls
 b - 2 scrolls of amnesia {unknown}
 f - a scroll of remove curse
 g - a scroll of noise {unknown}
 n - a scroll of immolation {unknown}
 o - a scroll of fear {unknown}
 q - a scroll of random uselessness {unknown}
 s - 2 scrolls of magic mapping {unknown}
 t - a scroll of holy word {unknown}
 u - a scroll of fog
Potions
 e - a potion of cancellation
 h - a potion of ambrosia {unknown}
 i - 2 potions of curing {unknown}
 j - a potion of might {unknown}
 k - a potion of brilliance {unknown}
 m - 2 potions of mutation {unknown}
 p - a potion of agility {unknown}
 r - a potion of lignification {unknown}
 v - a potion of haste {unknown}
Comestibles
 c - 10 rations
 w - 10 chunks of flesh


   Skills:
 - Level 1.0 Fighting
 - Level 2.0 Dodging
 + Level 5.7 Unarmed Combat
 + Level 4.3 Spellcasting
 + Level 5.3 Transmutations


You had 4 spell levels left.
You knew the following spells:

 Your Spells              Type           Power        Failure   Level  Hunger
a - Beastly Appendage     Tmut           ###...       1%          1    None
b - Spider Form           Tmut/Pois      ##........   16%         3    ###....
c - Sticks to Snakes      Tmut           ###.....     2%          2    ##.....
d - Ice Form              Ice/Tmut       ##......     45%         4    ####...

Your spell library contained the following spells:

 Spells                   Type           Power        Failure   Level  Hunger
 Blade Hands              Tmut           ###.......   43%         5    ######.


Dungeon Overview and Level Annotations

Branches:
Dungeon (5/15)
 Temple: D:4-7

Altars:
Elyvilon
Kikubaaqudgha
Makhleb
Qazlal
Uskayaw


Innate Abilities, Weirdness & Mutations

You cannot wear most types of armour.
You are very stealthy in the water. (Stealth+)
You are amphibious.
You can wear up to eight rings at the same time.
You can use your tentacles to constrict eight enemies at once.
Your skin changes colour to match your surroundings (Stealth+).
Your rubbery body absorbs attacks. (AC +1, EV +1)


Message History

The bullfrog closely misses you.
You barely miss the bullfrog. The bullfrog misses you.
The bullfrog completely misses you. The bullfrog closely misses you.
You hit the bullfrog.
The bullfrog is moderately wounded.
The bullfrog hits you.
* * * LOW MAGIC WARNING * * *;
* * * LOW HITPOINT WARNING * * *
The bullfrog completely misses you.
Okay, then.
The bullfrog completely misses you. The bullfrog completely misses you.
The bullfrog hits you!
* * * LOW MAGIC WARNING * * *;
* * * LOW HITPOINT WARNING * * *
Okay, then.
It was a potion of cancellation.
Your magical effects are unravelling.
You feel magically purged.
Your transformation has ended.
Your +0 dagger of speed unmelds from your body.
Your tentacles tingle!
The bullfrog hits you!
You die...

▒≈≈≈≈≈≈≈▒≈∩≈▒▒▒▒▒▒▒≈≈≈▒▒▒▒
·≈≈··▒▒▒▒·≈≈·≈···▒≈≈≈·≈≈≈▒▒
≈·≈▒▒▒≈≈≈÷≈≈≈÷··≈▒▒≈≈▒≈≈≈·▒▒
≈≈▒▒≈≈≈≈≈▒▒▒▒▒▒▒≈·▒≈≈▒▒≈··≈▒
≈▒▒÷·≈≈▒▒▒≈≈≈·≈▒·≈▒▒≈≈▒▒≈≈≈▒▒
≈▒≈≈··▒▒≈≈≈··≈·†·≈≈▒≈≈·▒≈≈··▒
▒▒≈≈≈▒▒≈≈·≈≈≈···≈≈≈▒··≈▒▒≈·≈▒▒
▒≈≈≈·▒≈≈·≈≈≈≈≈[·≈≈≈▒≈≈·≈▒÷≈≈·▒
▒≈≈≈≈▒≈≈·≈≈≈·$!F@≈·▒≈≈≈≈▒·≈·∩▒
▒≈≈≈≈▒≈≈≈≈≈·?···F≈≈▒≈·÷≈▒≈≈≈·▒
▒▒≈≈≈▒▒≈≈≈≈≈···≈·≈▒▒·≈≈▒▒·≈·▒▒
≈▒·≈≈÷▒▒≈≈≈≈≈·≈≈≈▒▒····▒·≈·≈▒
÷▒▒·≈≈·▒▒▒≈≈≈≈≈▒▒▒≈≈≈≈▒▒≈≈≈▒▒
·≈▒▒≈≈≈≈≈▒▒▒▒▒▒▒·≈≈≈≈▒▒≈≈·≈▒
··≈▒▒▒≈···≈≈≈≈≈≈≈≈≈▒▒▒≈·≈·▒▒
≈≈≈·≈▒▒▒▒≈··≈≈·≈▒▒▒▒≈≈≈≈≈▒▒
▒≈····≈≈▒▒▒▒▒▒▒▒▒≈·≈≈·≈≈▒▒


You could see 2 bullfrogs.

Vanquished Creatures
  A bullfrog (D:5)
  A scorpion (D:4)
  Crazy Yiuf (D:3)
  Natasha (thrice) (D:3)
  17 adders
  4 gnolls (D:4)
  5 river rats (D:5)
  12 oozes
  2 worms
  2 dart slugs
  9 leopard geckos
  An orc (D:3)
  10 ball pythons (Sewer)
  14 giant cockroaches
  9 goblins
  5 hobgoblins
  6 jackals (D:3)
  3 quokkas
  6 bats
  14 frilled lizards
  6 kobolds
  5 rats
136 creatures vanquished.

Vanquished Creatures (collateral kills)
  Menkaure (D:4)
1 creature vanquished.

Grand Total: 137 creatures vanquished

Notes
Turn   | Place    | Note
-------+----------+-------------------------------------------
     0 | D:1      | Azzok the Octopode Transmuter began the quest for the Orb.
     0 | D:1      | Reached XP level 1. HP: 13/13 MP: 3/3
   244 | D:1      | Reached XP level 2. HP: 18/18 MP: 5/5
   688 | D:2      | Found a burning altar of Makhleb.
   703 | D:2      | Reached XP level 3. HP: 19/23 MP: 4/6
   734 | D:2      | Learned a level 3 spell: Spider Form
  1142 | D:2      | Found a hide-covered altar of Uskayaw.
  2150 | D:3      | Reached XP level 4. HP: 27/28 MP: 3/7
  2641 | D:3      | Noticed Natasha
  2660 | D:3      | Killed Natasha
  2660 | D:3      | Reached XP level 5. HP: 19/33 MP: 0/8
  2740 | D:3      | Noticed Natasha
  2750 | D:3      | Killed Natasha
  2831 | D:3      | Noticed Natasha
  2841 | D:3      | Killed Natasha
  3064 | D:3      | Found a stormy altar of Qazlal.
  3126 | D:3      | Found a runed translucent door.
  3127 | D:3      | Noticed Crazy Yiuf
  3381 | D:3      | Killed Crazy Yiuf
  3718 | D:4      | Reached XP level 6. HP: 33/38 MP: 2/10
  4393 | D:4      | Found an ancient bone altar of Kikubaaqudgha.
  4394 | D:4      | Found a white marble altar of Elyvilon.
  4448 | D:4      | Noticed Menkaure
  4472 | D:4      | Learned a level 2 spell: Sticks to Snakes
  4477 | D:4      | Learned a level 4 spell: Ice Form
  4511 | D:4      | Killed Menkaure
  4511 | D:4      | Reached skill level 5 in Unarmed Combat
  4824 | D:4      | Reached XP level 7. HP: 41/43 MP: 8/12
  5002 | D:5      | Entered Level 5 of the Dungeon
  5290 | D:5      | Reached skill level 5 in Transmutations
  5318 | D:5      | Found a glowing drain.
  5411 | Sewer    | Entered a sewer
  6252 | Sewer    | Slain by a bullfrog

Levels and vault maps discovered:
D:1:      psy_arrival_basics, layout_basic, minmay_misc_feat_ornament
D:2:      layout_rooms, overflow_temple_1_default,
          eat_drink_and_be_merry_uskayaw, kennysheep_boxes
D:3:      layout_rooms, nicolae_overflow_crystal_walls, uniq_crazy_yiuf_cottage,
          uniq_natasha
D:4:      cheibrodos_quashed, layout_gridville,
          gammafunk_temple_overflow_statue, first_ration, st_stairs_5,
          uniq_menkaure
D:5:      layout_loops_ring, chequers_temple_overflow_minitemple,
          lightli_sewer_entry_pipes, basic_altar
Sewer:    sewer_frog_island_02

Skill      XL: |  1  2  3  4  5  6  7 |
---------------+----------------------+-----
Transmutations | 3 4 5 |  5.3
Unarmed Combat | 4 5 |  5.7
Spellcasting   | 3 4 |  4.3
Fighting       | |  1.0
Dodging        | |  2.0

Action                   |  1- 3 |  4- 6 |  7- 9 || total
-------------------------+-------+-------+-------++-------
Melee: Unarmed           |    11 |    74 |   155 ||   240
       Constrict         |    18 |    15 |    11 ||    44
       Dagger            |    68 |    49 |    70 ||   187
       Tentacles         |     6 |     8 |    10 ||    24
       Kick              |     2 |     4 |       ||     6
       Punch             |     1 |       |     3 ||     4
 Cast: Beastly Appendage |     1 |     1 |       ||     2
       Spider Form       |     1 |    13 |    16 ||    30
       Sticks to Snakes  |       |     1 |       ||     1
  Use: Scroll            |     3 |     1 |       ||     4
       Potion            |       |       |     1 ||     1
 Stab: Sleeping          |     4 |     1 |     4 ||     9
  Eat: Chunk             |     3 |    10 |     8 ||    21
Armor: Skin              |     4 |     9 |    19 ||    32
Dodge: Dodged            |    43 |    84 |   194 ||   321

Table legend:
 A = Non-vault XP
 B = Vault XP
 C = Vault XP percentage of total XP
 D = Non-vault monster count
 E = Vault monster count
 F = Vault count percentage of total count
                 A         B        C        D         E       F
            +---------+---------+-------+---------+---------+-------
      Total |     512 |     542 |  51.4 |      67 |      70 |  51.1
            +---------+---------+-------+---------+---------+-------
        D:1 |      20 |       0 |   0.0 |      11 |       0 |   0.0
        D:2 |      50 |       0 |   0.0 |      13 |       0 |   0.0
        D:3 |     137 |      77 |  36.0 |      26 |       2 |   7.1
        D:4 |     207 |     150 |  42.0 |      15 |       2 |  11.8
        D:5 |      98 |     112 |  53.3 |       2 |       9 |  81.8
      Sewer |       0 |     203 | 100.0 |       0 |      57 | 100.0
            +---------+---------+-------+---------+---------+-------
